 Dungeon Crawl Stone Soup version 0.28-a0-1235-g7c8fac35f0 (webtiles) character file.

Game seed: 8122201892629683595

0 Gargoyl the Skirmisher (level 1, -1/23 HPs)
             Began as a Gnoll Abyssal Knight on Dec 25, 2021.
             Was a Follower of Lugonu.
             Killed from afar by a will-o-the-wisp (11 damage)
             ... with a foxfire
             ... on level 1 of the Abyss.
             The game lasted 00:00:06 (62 turns).

Gargoyl the Skirmisher (Gnoll Abyssal Knight)         Turns: 62, Time: 00:00:07

Health: -1/23      AC:  3    Str: 12    XL:     1   Next: 0%
Magic:  3/3        EV: 12    Int:  9    God:    Lugonu [*.....]
Gold:   16         SH:  0    Dex: 12    Spells: 0/0 levels left

rFire   . . .      SeeInvis .   a - +1 hand axe
rCold   . . .      Faith    .   (no shield)
rNeg    . . .      Spirit   .   b - +0 leather armour
rPois   .          Reflect  .   (no helmet)
rElec   .          Harm     .   (no cloak)
rCorr   .          Rampage  .   (no gloves)
Will    .....                   (no boots)
Stlth   +.........              (no amulet)
HPRegen 0.07/turn               (no ring)
MPRegen 0.08/turn               (no ring)

@: no status effects
A: fangs 1, strong nose, distributed training
a: Renounce Religion, Depart the Abyss


You were on level 1 of the Abyss.
You worshipped Lugonu.
Lugonu was aware of your devotion.
You visited 0 branches of the dungeon, and saw 0 of its levels.
You visited the Abyss 1 time.

You collected 16 gold pieces.

Inventory:

Hand Weapons
 a - a +1 hand axe (weapon)
Armour
 b - a +0 leather armour (worn)


   Skills:
 + Level 6.4 Fighting
 + Level 0.0 Short Blades
 + Level 0.0 Long Blades
 + Level 4.4 Axes
 + Level 0.0 Maces & Flails
 + Level 0.0 Polearms
 + Level 0.0 Staves
 + Level 0.0 Slings
 + Level 0.0 Bows
 + Level 0.0 Crossbows
 + Level 0.0 Throwing
 + Level 4.4 Armour
 + Level 2.3 Dodging
 + Level 0.0 Stealth
 + Level 0.0 Shields
 + Level 0.0 Unarmed Combat
 + Level 0.0 Spellcasting
 + Level 0.0 Conjurations
 + Level 0.0 Hexes
 + Level 0.0 Summonings
 + Level 0.0 Necromancy
 + Level 0.0 Translocations
 + Level 0.0 Transmutations
 + Level 0.0 Fire Magic
 + Level 0.0 Ice Magic
 + Level 0.0 Air Magic
 + Level 0.0 Earth Magic
 + Level 0.0 Poison Magic
 + Level 4.4 Invocations
 + Level 0.0 Evocations


You couldn't memorise any spells.
You didn't know any spells.
Your spell library was empty.

Dungeon Overview and Level Annotations

Branches:
Dungeon (0/15)

Altars:


Innate Abilities, Weirdness & Mutations

You have very sharp teeth.
Your uncanny sense of smell can sniff out nearby items.
Your experience applies equally to all skills.


Message History

Welcome, Gargoyl the Gnoll Abyssal Knight.
You feel drawn to the Orb of Zot, downwards into the unfathomable depths...
Lugonu says: Depart the Abyss and spread corruption, my servant! (use the ability menu to exit the Abyss) Press ? for a list of commands and other information.
Found two corrupted altars of Lugonu.
Unknown command.
Press < or > to pray at altars.
Found a stormy altar of Qazlal.
You now have 16 gold pieces.
A will-o-the-wisp appears in a shower of translocational energy.
The will-o-the-wisp gives a chilling moan.
A will-o-the-wisp is nearby!
A will-o-the-wisp is nearby!
Unknown command.
The will-o-the-wisp gestures.
The will-o-the-wisp conjures some foxfire!
A foxfire comes into view.
A spatial vortex comes into view.
The will-o-the-wisp gestures.
The will-o-the-wisp conjures some foxfire!
A foxfire comes into view.
The foxfire hits you!
A foxfire comes into view.
The will-o-the-wisp gestures.
The will-o-the-wisp conjures some foxfire!
A foxfire comes into view.
A foxfire comes into view.
The foxfire moves out of view.
The foxfire dissipates!
An apocalypse crab comes into view.
You hit the apocalypse crab but do no damage.
The apocalypse crab barely misses you. The apocalypse crab claws you.
The apocalypse crab draws strength from your injuries!
Unknown command.
A large abomination comes into view.
The will-o-the-wisp gestures.
The will-o-the-wisp conjures some foxfire! 2 foxfires come into view.
The foxfire hits you!
You die...

# .. .# ##.#
## #..
.#####.####..
..##.......#
##.#t### #.##
#.@#§##.##
#..##vvv.#.#
#. #.§..## #
##...###..#
#.... #..##
..#.#####...#
.. #.
#.§.##X.# #.
###..#§..#
#.# .# #
#.#..##.# ..#


You could see a large abomination and a will-o-the-wisp.

Vanquished Creatures (others)
  6 foxfires (Abyss:1)
6 creatures vanquished.

Notes
Turn   | Place    | Note
-------+----------+-------------------------------------------
     0 | Abyss:1  | Gargoyl the Gnoll Abyssal Knight began the quest for the
                  | Orb.
     0 | Abyss:1  | Reached XP level 1. HP: 23/23 MP: 3/3
     8 | Abyss:1  | Found a stormy altar of Qazlal.
    28 | Abyss:1  | Found a stormy altar of Qazlal.
    48 | Abyss:1  | Noticed a will-o-the-wisp
    50 | Abyss:1  | Noticed a spatial vortex
    57 | Abyss:1  | Noticed an apocalypse crab
    60 | Abyss:1  | Noticed a large abomination
    62 | Abyss:1  | Killed from afar by a will-o-the-wisp

Illustrated notes

Levels and vault maps discovered:
Abyss:1:  base: Temple, base: Temple, base:
Temple

Action                   || total
-------------------------++-------
Melee: Hand axe          ||     1
Dodge: Dodged            ||     1

Table legend: (Time is in decaauts)
 A = Elapsed time spent in this place.
 B = Non-inter-level travel time spent in this place.
 C = Inter-level travel time spent in this place.
 D = Time resting spent in this place.
 E = Time spent auto-exploring this place.
 F = Levels seen in this place.
 G = Mean time per level.
                   A        B        C        D        E       F      G
               +--------+--------+--------+--------+--------+-----+--------+
         Total |     62 |     62 |      0 |      0 |     47 |   1 |   62.0 |
         Abyss |     62 |     62 |      0 |      0 |     47 |   1 |   62.0 |
               +--------+--------+--------+--------+--------+-----+--------+

Top non-repeatable levels by time:
 Abyss:1: 62 daAuts
